 Dungeon Crawl Stone Soup version 0.30.1-3-gfc49f6343a (webtiles) character file.

Game seed: 17783148464525812122

788 growler the Sneak (level 7, -19/41 HPs)
             Began as an Octopode Earth Elementalist on July 19, 2023.
             Killed from afar by a starflower (23 damage)
             ... with a harpoon shot
             ... on level 4 of the Abyss.
             The game lasted 00:15:58 (4562 turns).

growler the Sneak (Octopode Earth Elementalist)     Turns: 4562, Time: 00:15:59

Health: -19/41     AC:  1    Str:  8    XL:     7   Next: 87%
Magic:  23/23      EV: 13    Int: 19    God:
Gold:   122        SH:  0    Dex: 12    Spells: 5/15 levels left

rFire   . . .        (no weapon)
rCold   . . .        (no shield)
rNeg    . . .        (helmet restricted)
rPois   .            (no amulet)
rElec   .            g - ring of magical power
rCorr   .            (no ring)
SInv    .            (no ring)
Will    .....        (no ring)
Stlth   ++++         (no ring)
HPRegen 0.26/turn    (no ring)
MPRegen 0.18/turn    (no ring)
                     (no ring)

%: no passive effects
@: no status effects
A: almost no armour, amphibious, 8 rings, camouflage 1, gelatinous body 1,
(nimble swimmer 1), tentacles, [screaming 2], [no potion heal 2]
a: no special abilities


You were on level 4 of the Abyss.
You visited 1 branch of the dungeon, and saw 5 of its levels.
You visited the Abyss 1 time.

You collected 122 gold pieces.

Inventory:

Armour
 n - a +0 kite shield
Jewellery
 g - a ring of magical power (left tentacle)
Wands
 e - a wand of flame (23)
 u - a wand of polymorph (11)
 v - a wand of roots (7)
Scrolls
 f - 2 scrolls of vulnerability {unknown}
 h - 5 scrolls of identify {unknown}
 i - a scroll of amnesia {unknown}
 j - 4 scrolls of teleportation
 k - 4 scrolls of poison {unknown}
 l - a scroll of acquirement {unknown}
 m - a scroll of enchant armour {unknown}
 r - a scroll of immolation {unknown}
 t - a scroll of enchant weapon {unknown}
Potions
 a - 4 potions of magic
 b - a potion of haste {unknown}
 c - 4 potions of lignification {unknown}
 d - 2 potions of mutation {unknown}
 o - a potion of attraction {unknown}
 p - 3 potions of flight {unknown}
 q - a potion of resistance {unknown}
 s - a potion of berserk rage {unknown}
 w - a potion of curing {unknown}


   Skills:
 - Level 2.0 Dodging
 - Level 6.0 Stealth
 + Level 4.9 Spellcasting
 - Level 3.0 Transmutations
 + Level 5.7 Earth Magic


You had 5 spell levels left.
You knew the following spells:

 Your Spells              Type           Power      Damage    Failure   Level
a - Sandblast             Erth           52%        2d12      1%          1
b - Passwall              Tmut/Erth      17%        N/A       3%          2
c - Stone Arrow           Conj/Erth      30%        3d8       12%         3
d - Petrify               Tmut/Erth      21%        N/A       21%         4

Your spell library contained the following spells:

 Spells                   Type           Power      Damage    Failure   Level
 Beastly Appendage        Tmut           32%        N/A       3%          1
 Wereblood                Tmut           16%        N/A       5%          2
 Sting                    Tmut/Pois      40%        1d5       7%          1
 Ensorcelled Hibernation  Hex/Ice        8%         N/A       19%         2
 Poisonous Vapours        Pois/Air       8%         N/A       19%         2
 Sublimation of Blood     Necr           4%         N/A       19%         2
 Spider Form              Tmut/Pois      10%        N/A       21%         3
 Ozocubu's Armour         Ice            4%         N/A       36%         3
 Anguish                  Hex/Necr       2%         N/A       77%         4
 Olgreb's Toxic Radiance  Pois           4%         N/A       77%         4
 Irradiate                Conj/Tmut      5%         3d13      88%         5
 Ozocubu's Refrigeration  Ice            2%         4d7       100%        7
 Summon Hydra             Summ           2%         N/A       100%        7
 Lehudib's Crystal Spear  Conj/Erth      7%         10d3      100%        8
 Animate Armour           Summ/Erth      Unusable   N/A       N/A         4

Dungeon Overview and Level Annotations

Branches:
Dungeon (5/15)
 Temple: D:4-7

Altars:
Elyvilon
Uskayaw

Shops:
D:1 :*!==   D:4 *


Innate Abilities, Weirdness & Mutations

You cannot wear most types of armour.
You are amphibious.
You can wear up to eight rings at the same time.
Your skin changes colour to match your surroundings (Stealth+).
Your rubbery body absorbs attacks. (AC +1, EV +1)
((You are camouflaged when in or above water. (Stealth+)))
You have tentacles for arms and can constrict up to eight enemies at once.
[You frequently scream uncontrollably at your foes.]
[Potions cannot restore your health.]


Message History

Unknown command.
You plunge deeper into the Abyss.
Found a gateway leading deeper into the Abyss.
There is a gateway leading deeper into the Abyss here.
You plunge deeper into the Abyss.
The abyssal rune of Zot can be found at this depth.
A thrashing horror comes into view.
A wretched star comes into view.
A chaos spawn comes into view.
Found a gateway leading deeper into the Abyss.
The wretched star pulses with an eldritch light!
You feel the urge to shout.
You feel a strong urge to scream.
Found a gateway leading deeper into the Abyss.
A freezing wraith comes into view.
There is a gateway leading deeper into the Abyss here.
The wretched star pulses with an eldritch light!
Your system partially rejects the healing effects of potions.
Your system completely rejects the healing effects of potions.
You plunge deeper into the Abyss.
The abyssal rune of Zot can be found at this depth.
The abyssal matter surrounding you shimmers strangely.
You detect the abyssal rune!
The starflower gurgles horribly!
The wizard shouts!
Found a gateway leading out of the Abyss.
Found five runelights.
The wizard casts a spell at you.
You wobble for a moment.
The starflower tentacle-slaps you from afar!
* * * LOW HITPOINT WARNING * * *
The starflower barely misses you.
The wizard howls an incantation.
The wizard's hands start to glow.
The starflower closely misses you.
The starflower tentacle-slaps you from afar.
* * * LOW HITPOINT WARNING * * *
A starcursed mass splits.
A starcursed mass splits. x2
The starflower fires a harpoon shot at you.
The harpoon shot hits you!!
Ouch! That really hurt!
You die...

#...........
.............
....... .... φ #
♣....# .....
#.♣....##.....
#⌠............
#.♣...........
+⌠............
+⌠P...@.......
.XXX............
♣#X#∩p..∩.......
...#..##..#.#..#
.. ##. .#.#.# ##
.# . .# . ## .
## # #.


You could see 4 starcursed masses, a starflower and a wizard.

Vanquished Creatures
  Eustachio (D:3)
  Edmund (D:4)
  An ogre (D:4)
  5 hounds
  A jelly (D:5)
  An iguana (D:4)
  Jessica (D:2)
  Ijyb (D:4)
  A sleepcap (D:4)
  A gnoll (D:5)
  3 adders
  2 shadow imps (D:5)
  3 ufetubi
  3 worms
  A dart slug (D:3)
  7 orcs
  6 endoplasms
  5 giant cockroaches
  13 goblins
  7 hobgoblins
  4 jackals (D:4)
  8 quokkas
  10 ball pythons
  4 bats
  3 kobolds
  2 rats
95 creatures vanquished.

Notes
Turn   | Place    | Note
-------+----------+-------------------------------------------
     0 | D:1      | growler the Octopode Earth Elementalist began the quest for
                  | the Orb.
     0 | D:1      | Reached XP level 1. HP: 11/11 MP: 3/3
    12 | D:1      | Found Gusahoupn's Distillery.
    66 | D:1      | Found Gyafacho's Jewellery Shop.
   149 | D:1      | Reached skill level 3 in Stealth
   151 | D:1      | Reached XP level 2. HP: 9/17 MP: 0/5
   209 | D:1      | Learned a level 2 spell: Passwall
   262 | D:1      | Found Uffaifue's Jewellery Shoppe.
   455 | D:1      | Found Huin's General Store.
   556 | D:1      | Found Xugruime's Book Shoppe.
   930 | D:1      | Reached XP level 3. HP: 21/21 MP: 4/6
  1041 | D:1      | Learned a level 3 spell: Stone Arrow
  1160 | D:2      | Noticed Jessica
  1164 | D:2      | Killed Jessica
  1281 | D:2      | Found a white marble altar of Elyvilon.
  1356 | D:2      | Reached XP level 4. HP: 27/27 MP: 2/7
  2159 | D:2      | Reached skill level 4 in Stealth
  2589 | D:3      | Reached XP level 5. HP: 31/31 MP: 6/9
  2952 | D:3      | Noticed a +0 spear
  2952 | D:3      | Noticed a +0 dagger
  2954 | D:3      | Noticed a +0 spear
  2955 | D:3      | Noticed a +0 dagger
  2955 | D:3      | Noticed a +0 short sword
  2955 | D:3      | Noticed a +0 falchion
  2955 | D:3      | Noticed a +0 falchion
  2955 | D:3      | Noticed a +0 short sword
  2960 | D:3      | Found a hide-covered altar of Uskayaw.
  3029 | D:4      | Noticed Eustachio
  3034 | D:4      | Noticed an ogre
  3047 | D:3      | Killed Eustachio
  3048 | D:3      | Reached skill level 5 in Stealth
  3048 | D:3      | Reached XP level 6. HP: 20/36 MP: 4/11
  3053 | D:3      | Learned a level 4 spell: Petrify
  3313 | D:4      | Found Ylufoe's Neck Hole.
  3368 | D:4      | Noticed Edmund
  3377 | D:4      | Reached XP level 7. HP: 38/41 MP: 5/12
  3545 | D:4      | Reached skill level 6 in Stealth
  3601 | D:4      | Killed Edmund
  3602 | D:4      | Reached skill level 5 in Earth Magic
  3955 | D:4      | Noticed Ijyb
  3982 | D:4      | Killed Ijyb
  4156 | D:5      | Entered Level 5 of the Dungeon
  4479 | Abyss:1  | Found a corrupted altar of Lugonu.
  4479 | Abyss:1  | Cast into level 1 of the Abyss (gnoll)
  4488 | Abyss:1  | Noticed a ynoxinul
  4496 | Abyss:1  | HP: 1/41 [ynoxinul/iron shot (29)]
  4526 | Abyss:3  | Noticed a thrashing horror
  4548 | Abyss:3  | Noticed a wretched star
  4548 | Abyss:3  | Noticed a chaos spawn
  4554 | Abyss:3  | Noticed a freezing wraith
  4559 | Abyss:4  | Noticed a starflower
  4559 | Abyss:4  | Noticed a starcursed mass
  4559 | Abyss:4  | Noticed a wizard
  4562 | Abyss:4  | Killed from afar by a starflower

Illustrated notes

Levels and vault maps discovered:
D:1:      minmay_arrival_semitransparent, layout_loops_corners, serial_shops,
          nicolae_shop_tiny_glass, shop, nicolae_shop_tiny_glass,
          nicolae_shop_gaudy_bauble, nicolae_shop_behind_doors,
          minmay_pentomino_r2
D:2:      layout_basic, basic_altar, uniq_jessica
D:3:      layout_rooms, nicolae_uskayaw_en_pointe
D:4:      layout_rooms, nicolae_shop_sticking_my_neck_out, uniq_eustachio,
          uniq_edmund, uniq_ijyb
D:5:      layout_basic, gammafunk_ghost_mausoleum, serial_demonic,
          serial_demonic_b, serial_demonic_g, serial_demonic_e,
          serial_demonic_a, serial_demonic_d
Abyss:4:  base: D:2, base: D:1, spicy_pingpong_abyss_rune

Skill      XL: |  1  2  3  4  5  6  7 |
---------------+----------------------+-----
Stealth        | 3 4 5 6 |  6.0
Transmutations | 2 3 |  3.0
Spellcasting   | 3 4 |  4.9
Earth Magic    | 4 5 |  5.7
Dodging        | |  2.0

Action                     |  1- 3 |  4- 6 |  7- 9 || total
---------------------------+-------+-------+-------++-------
  Melee: Unarmed           |     9 |       |    15 ||    24
         Tentacles         |     3 |       |       ||     3
         Constrict         |     1 |       |       ||     1
   Cast: Sandblast         |    36 |    81 |    55 ||   172
         Stone Arrow       |       |       |     1 ||     1
         Passwall          |       |       |     1 ||     1
         Petrify           |       |       |     1 ||     1
  Evoke: Wand              |       |     4 |     5 ||     9
    Use: Scroll            |       |       |     1 ||     1
   Stab: Petrified         |       |       |     9 ||     9
         Petrifying        |       |       |     2 ||     2
 Armour: Skin              |       |     2 |    11 ||    13
  Dodge: Dodged            |    15 |    30 |    33 ||    78
